 Dungeon Crawl Stone Soup version 0.31-a0-819-gf6de2f5ab6 (webtiles) character file.

Game seed: 843526081026175021

123 CowFu the Trooper (level 4, 0/35 HPs)
             Began as a Demonspawn Fighter on Sept 24, 2023.
             Slain by a black bear (7 damage)
             ... on level 2 of the Dungeon.
             The game lasted 00:01:56 (1622 turns).

CowFu the Trooper (Demonspawn Fighter)              Turns: 1622, Time: 00:01:57

Health: 0/35       AC:  7    Str: 22 (24) XL:     4   Next: 79%
Magic:  4/4        EV: 10    Int:  5 (7)  God:
Gold:   84         SH:  4    Dex: 12 (13) Spells: 3/3 levels left

rFire   . . .        a - +0 long sword
rCold   . . .        c - +0 buckler
rNeg    . . .        d - +1 scale mail {rPois}
rPois   +            (no helmet)
rElec   .            (no cloak)
rCorr   .            (no gloves)
SInv    .            (no boots)
Will    .....        (no amulet) Stlth
                     j - +6 ring of strength
HPRegen 0.25/turn    (no ring)
MPRegen 0.09/turn

%: no passive effects
@: no status effects
A: claws 1, powered by pain 1, dopey 1, inability to drink after injury 1,
inability to read after injury 1
a: no special abilities


You were on level 2 of the Dungeon.
You visited 1 branch of the dungeon, and saw 2 of its levels.

You collected 84 gold pieces.

Inventory:

Hand Weapons
 a - a +0 long sword (weapon)
Missiles
 h - a throwing net
Armour
 c - a +0 buckler (worn)
 d - a +1 scale mail of poison resistance (worn)
Jewellery
 j - a +6 ring of strength (left claw)
Scrolls
 b - a scroll of immolation {unknown}
 e - a scroll of revelation {unknown}
 g - a scroll of identify {unknown}
 i - a scroll of noise {unknown}
 l - a scroll of enchant weapon {unknown}


   Skills:
 + Level 3.4 Fighting
 - Level 2.5 Long Blades
 + Level 3.1 Armour
 + Level 1.2 Dodging
 + Level 3.1 Shields
 + Level 1.7 Unarmed Combat


You had 3 spell levels left.
You didn't know any spells.
Your spell library was empty.

Dungeon Overview and Level Annotations

Branches:
Dungeon (2/15)

Altars:


Innate Abilities, Weirdness & Mutations

You have sharp fingernails.
You sometimes gain a little power by taking damage.
You are dopey. (Int -2)
You occasionally lose the ability to drink potions when taking damage.
You occasionally lose the ability to read scrolls when taking damage.


Message History

You hit the black bear.
The black bear is moderately wounded.
You feel sick. The black bear barely misses you. The black bear claws you.
The black bear closely misses you.
You barely miss the black bear.
The black bear is moderately wounded.
You feel sick.
The black bear bites you but does no damage.
The black bear closely misses you.
The black bear claws you but does no damage.
You hit the black bear.
The black bear is moderately wounded.
You feel sick.
You are no longer poisoned.
The black bear bites you.
The black bear claws you but does no damage.
The black bear closely misses you.
The black bear bites you but does no damage.
The black bear claws you but does no damage.
The black bear barely misses you.
You slash the black bear!
The black bear is severely wounded.
The black bear bites you but does no damage.
The black bear claws you but does no damage.
The black bear claws you.
You hit the black bear.
The black bear is severely wounded.
The black bear closely misses you. The black bear claws you.
The black bear barely misses you.
You closely miss the black bear.
The black bear is severely wounded.
The black bear goes berserk!
You hit the black bear.
The black bear is almost dead.
The black bear bites you. The black bear claws you.
* * * LOW HITPOINT WARNING * * *
The black bear claws you.
* * * LOW HITPOINT WARNING * * *
The black bear bites you!
You die...

#.#.#.....###.
#.##..#.#.#
#.........#
#####.##### #.#
#####.#####
#>........# #
#.###.###.##...#
#..@hK...#
#####.#..... .#
... ## .


You could see a black bear (berserk) and a kobold.

Vanquished Creatures
  Jessica (D:2)
  Terence (D:2)
  3 adders (D:2)
  A worm (D:2)
  A dart slug (D:2)
  4 bats
  9 endoplasms
  5 goblins
  5 hobgoblins
  A frilled lizard (D:1)
  4 kobolds (D:1)
  6 rats (D:1)
41 creatures vanquished.

Notes
Turn   | Place    | Note
-------+----------+-------------------------------------------
     0 | D:1      | CowFu the Demonspawn Fighter began the quest for the Orb.
     0 | D:1      | Reached XP level 1. HP: 18/18 MP: 1/1
   180 | D:1      | Gained mutation: You have sharp fingernails. [demonic
                  | ancestry]
   180 | D:1      | Reached XP level 2. HP: 16/24 MP: 2/2
   630 | D:1      | Reached skill level 1 in Unarmed Combat
   779 | D:1      | Gained mutation: You sometimes gain a little power by
                  | taking damage. [demonic ancestry]
   779 | D:1      | Reached XP level 3. HP: 29/29 MP: 3/3
  1098 | D:2      | Noticed Terence
  1114 | D:2      | Killed Terence
  1115 | D:2      | Reached XP level 4. HP: 17/35 MP: 4/4
  1377 | D:2      | Reached skill level 1 in Dodging
  1603 | D:2      | Noticed Jessica
  1603 | D:2      | Noticed a black bear
  1609 | D:2      | Killed Jessica
  1612 | D:2      | Gained mutation: You occasionally lose the ability to read
                  | scrolls when taking damage. [potion of mutation]
  1612 | D:2      | Gained mutation: You are dopey. (Int -2) [potion of
                  | mutation]
  1612 | D:2      | Gained mutation: You occasionally lose the ability to drink
                  | potions when taking damage. [potion of mutation]
  1622 | D:2      | Slain by a black bear

Illustrated notes

Levels and vault maps discovered:
D:1:      dpeg_arrival_stone_temple_mockup, layout_loops_ring,
          minmay_misc_feat_chi, minmay_heptomino_o4
D:2:      layout_loops_corners, minivault_14, hangedman_feature_mirror,
          uniq_terence, uniq_jessica

Skill      XL: |  1  2  3  4 |
---------------+-------------+-----
Long Blades    | 2 |  2.5
Unarmed Combat | 1 |  1.7
Armour         | 3 |  3.1
Shields        | 3 |  3.1
Dodging        | 1 |  1.2
Fighting       | |  3.4

Action                     |  1- 3 |  4- 6 || total
---------------------------+-------+-------++-------
  Melee: Long sword        |   102 |    34 ||   136
    Use: Potion            |     1 |     2 ||     3
 Armour: Scale mail        |    74 |    33 ||   107
  Dodge: Dodged            |    41 |    22 ||    63
  Block: Buckler           |    15 |     3 ||    18

Table legend: (Time is in decaauts)
 A = Elapsed time spent in this place.
 B = Non-inter-level travel time spent in this place.
 C = Inter-level travel time spent in this place.
 D = Time resting spent in this place.
 E = Time spent auto-exploring this place.
 F = Levels seen in this place.
 G = Mean time per level.
                   A        B        C        D        E       F      G
               +--------+--------+--------+--------+--------+-----+--------+
         Total |   1664 |   1646 |     18 |      0 |   1329 |   2 |  832.0 |
       Dungeon |   1664 |   1646 |     18 |      0 |   1329 |   2 |  832.0 |
               +--------+--------+--------+--------+--------+-----+--------+

Top non-repeatable levels by time:
     D:1: 887 daAuts
     D:2: 776 daAuts
